Map: Crimson Research Lab LE

Players

Obamka

  • Race: Zerg Zerg
  • Spawn Location: 5:00

Sraka

  • Race: Protoss Protoss
  • Spawn Location: 5:00

Ekelpack - Winner!

  • Race: Zerg Zerg
  • Spawn Location: 11:00

Nyck - Winner!

  • Race: Terran Terran
  • Spawn Location: 11:00

VOD

Have the link to the VOD?

Description

Time

  • Played on: April 8, 2025, 2:16 p.m.
  • Length: 16:14
Show
View Real Time Build Order
Export as new Build Order

Obamka Zerg 

Build Orders: Hatch First 

Get SALT Encoding   

  12  0:01  Drone  
  13  0:14  Drone  
  13  0:18  Overlord  
  14  0:30  Extractor  
  14  0:31  Drone x2, Extractor  
  16  0:38  Drone  
  17  0:47  Drone  
  18  0:58  Drone  
  18  1:04  Hatchery  
  18  1:08  Drone, Extractor  
  18  1:21  Spawning Pool  
  17  1:31  Drone  
  17  1:32  Drone, Evolution Chamber  
  18  1:41  Drone  
  19  1:51  Overlord  
  19  2:09  Queen  
  19  2:15  Queen, Zerg Melee Weapons Level 1  
  21  2:19  Drone  
  21  2:22  Drone  
  25  2:24  Zergling x2  
  25  2:27  Drone  
  27  2:31  Drone  
  27  2:35  Zergling x2  
  29  2:41  Drone  
  30  2:45  Drone  
  30  2:49  Zergling x2  
  32  2:57  Metabolic Boost  
  32  2:59  Drone  
  32  3:00  Zergling x2  
  34  3:07  Overlord  
  34  3:17  Drone  
  35  3:28  Lair  
  35  3:29  Hatchery  
  35  3:30  Zergling x4  
  35  3:31  Zergling x2  
  35  3:33  Drone  
  38  3:36  Drone  
  38  3:38  Drone  
  38  3:40  Zergling x2  
  41  3:44  Zergling x2  
  42  3:54  Drone  
  43  4:06  Drone  
  43  4:07  Overlord  
  43  4:09  Overlord  
  44  4:11  Overlord  
  44  4:27  Zergling x2  
  44  4:28  Zergling x10  
  41  4:38  Zergling x10  
  42  4:39  Zergling x2  
  42  4:42  Overlord  
  47  4:52  Zergling x6  
  46  4:56  Zergling x4  
  45  5:06  Drone  
  47  5:07  Drone x2  
  47  5:09  Queen  
  47  5:10  Queen x2  
  53  5:20  Zergling x6  
  52  5:25  Drone  
  53  5:29  Zerg Melee Weapons Level 2  
  53  5:32  Zergling x4  
  55  5:48  Drone  
  56  5:52  Baneling Nest  
  54  5:59  Zergling x6  
  54  6:00  Zergling x12  
  56  6:17  Zergling x4  
  56  6:18  Zergling x2  
  57  6:25  Zergling x2  
  57  6:26  Queen x3, Zergling x4  
  66  6:33  Overlord x3  
  66  6:34  Overlord  
  66  6:38  Centrifugal Hooks  
  66  6:54  Baneling x2  
  66  6:55  Baneling x2  
  66  7:09  Drone x3  
  69  7:15  Evolution Chamber  
  69  7:18  Evolution Chamber  
  69  7:20  Drone x2  
  69  7:21  Drone x12  
  81  7:30  Zergling x6  
  81  7:31  Spore Crawler  
  83  7:40  Drone  
  84  7:45  Zerg Ground Armor Level 1  
  84  7:46  Infestation Pit  
  84  7:50  Drone  
  84  7:51  Drone x7  
  86  7:56  Spore Crawler  
  86  7:57  Spore Crawler  
  85  8:09  Spore Crawler  
  85  8:10  Spore Crawler  
  85  8:11  Spore Crawler  
  82  8:19  Spore Crawler  
  81  8:22  Spore Crawler, Drone  
  81  8:23  Drone x5  
  81  8:24  Drone x4  
  81  8:26  Overlord x3  
  90  8:29  Zerg Missile Weapons Level 1  
  90  8:46  Extractor  
  89  8:48  Extractor  
  88  8:57  Zergling x2  
  88  8:58  Zergling x16  
  88  8:59  Zergling x2, Extractor  
  88  9:01  Hive  
  97  9:04  Extractor  
  97  9:06  Spore Crawler  
  97  9:07  Spore Crawler x2  
  97  9:08  Spore Crawler x2  
  91  9:12  Spore Crawler x2, Hatchery  
  88  9:19  Spore Crawler  
  87  9:29  Drone x3  
  90  9:31  Extractor  
  90  9:33  Drone x3  
  90  9:35  Drone x3  
  90  9:36  Drone x3  
  98  9:46  Baneling x2  
  98  9:47  Baneling x3  
  99  10:18  Zerg Melee Weapons Level 3  
  99  10:21  Hatchery  
  99  10:22  Drone x3  
  99  10:23  Drone  
  99  10:24  Drone x2, Overlord  
  99  10:25  Overlord x5  
  99  10:26  Overlord x2  
  103  10:43  Zerg Missile Weapons Level 2, Zerg Ground Armor Level 2  
  103  11:02  Hatchery  
  102  11:37  Spine Crawler  
  102  11:38  Spine Crawler  
  100  11:41  Spine Crawler  
  98  11:47  Ultralisk Cavern  
  98  11:53  Hydralisk Den  
  87  11:54  Zergling x4  
  87  11:55  Zergling x20  
  98  12:15  Hydralisk Den  
  98  12:38  Drone x6  
  98  12:39  Drone x11  
  98  12:40  Drone  
  98  12:41  Overlord x3  
  116  12:48  Baneling x2, Hatchery  
  116  12:49  Baneling x11  
  116  12:50  Baneling x7  
  115  13:02  Extractor x2  
  115  13:05  Anabolic Synthesis  
  113  13:08  Muscular Augments  
  113  13:09  Spine Crawler x3  
  110  13:18  Zerg Missile Weapons Level 3, Zerg Ground Armor Level 3, Lurker Den  
  80  13:35  Ultralisk x3  
  80  13:40  Drone x3  
  80  13:41  Drone x2  
  102  13:42  Drone  
  102  13:46  Ultralisk  
  102  13:48  Chitinous Plating  
  116  14:02  Ultralisk  
  116  14:06  Ultralisk  
  116  14:08  Zergling x2  
  116  14:09  Zergling x18  
  133  14:10  Zergling x12  
  133  14:12  Grooved Spines  
  122  14:25  Ultralisk  
  100  14:44  Ultralisk x2  
  82  14:54  Ultralisk  
  82  14:58  Zergling x2  
  82  14:59  Zergling x18  
  87  15:00  Zergling x2  
  68  15:23  Hydralisk  
  68  15:24  Hydralisk x5  
  50  15:43  Hydralisk x2  
  50  15:48  Hydralisk x2  
  38  16:00  Lurker  
  38  16:01  Lurker  
  36  16:06  Unknown  
Show
View Real Time Build Order
Export as new Build Order

Sraka Protoss 

Build Orders: Phoenix Opening, Carriers 

Get SALT Encoding   

  12  0:02  Probe  
  13  0:18  Pylon  
  13  0:20  Probe  
  14  0:32  Probe  
  15  0:43  Gateway  
  15  0:45  Assimilator  
  15  0:51  Assimilator  
  15  0:52  Probe  
  16  1:02  Pylon  
  16  1:08  Pylon  
  16  1:18  Probe  
  17  1:26  Probe  
  18  1:36  Probe  
  18  1:39  Cybernetics Core  
  19  1:48  Probe  
  19  1:52  Forge  
  20  1:56  Probe  
  21  2:04  Probe  
  22  2:19  Stargate  
  22  2:21  Stargate  
  22  2:29  Stargate  
  22  2:53  Photon Cannon  
  22  2:55  Protoss Air Weapons Level 1  
  22  2:56  Photon Cannon  
  22  3:03  Phoenix  
  24  3:47  Void Ray  
  28  4:00  Nexus  
  28  4:19  Void Ray  
  32  4:26  Void Ray  
  36  5:16  Probe  
  42  5:28  Probe  
  42  5:39  Phoenix x2  
  42  5:40  Probe  
  39  5:52  Probe  
  40  5:58  Stargate  
  40  6:04  Probe  
  40  6:05  Pylon  
  40  6:07  Assimilator, Probe, Phoenix x2  
  46  6:16  Probe  
  47  6:19  Probe  
  48  6:31  Probe  
  48  6:32  Photon Cannon  
  49  6:36  Shield Battery  
  49  6:39  Probe  
  50  6:41  Phoenix x2  
  50  6:43  Probe  
  55  6:55  Probe  
  55  6:57  Phoenix  
  55  7:00  Assimilator  
  58  7:04  Phoenix  
  58  7:08  Probe  
  59  7:11  Pylon  
  59  7:12  Pylon  
  61  7:18  Probe  
  62  7:26  Probe  
  62  7:32  Phoenix  
  62  7:34  Probe  
  62  7:35  Protoss Air Armor Level 1  
  65  7:40  Probe  
  65  7:43  Probe  
  67  7:46  Phoenix  
  67  7:48  Probe  
  67  7:51  Probe  
  70  7:55  Pylon  
  70  7:58  Probe  
  72  8:03  Probe  
  74  8:10  Probe  
  71  8:15  Probe  
  72  8:22  Probe  
  72  8:26  Phoenix x2  
  72  8:27  Phoenix  
  71  8:51  Phoenix x2  
  75  8:57  Phoenix  
  77  9:05  Nexus, Stargate  
  77  9:09  Assimilator  
  77  9:13  Assimilator  
  77  9:16  Phoenix  
  79  9:20  Phoenix  
  79  9:22  Phoenix  
  83  9:28  Cybernetics Core  
  83  9:34  Probe  
  84  9:46  Probe  
  85  9:55  Pylon  
  85  9:58  Probe  
  86  10:13  Probe, Phoenix x3  
  93  10:21  Photon Cannon  
  93  10:25  Probe, Photon Cannon  
  93  10:27  Shield Battery  
  94  10:31  Shield Battery  
  94  10:32  Pylon  
  94  11:00  Fleet Beacon  
  88  11:37  Phoenix x4  
  94  12:14  Carrier x3  
  112  13:05  Stargate  
  112  13:08  Pylon, Stargate  
  112  13:09  Probe, Pylon  
  112  13:10  Pylon  
  112  13:11  Pylon  
  113  13:21  Probe  
  113  13:25  Carrier x2  
  113  13:26  Carrier  
  132  13:27  Carrier  
  132  13:34  Probe  
  108  13:46  Probe  
  77  14:09  Carrier  
  62  14:12  Carrier  
  62  14:19  Carrier  
  80  14:35  Carrier  
  80  14:38  Carrier  
Show
View Real Time Build Order
Export as new Build Order

Ekelpack Zerg - Winner!

Build Orders: Hatch First 

Get SALT Encoding   

  12  0:00  Drone  
  13  0:13  Overlord  
  13  0:18  Drone  
  14  0:31  Drone x2  
  16  0:36  Drone  
  17  0:56  Drone  
  18  0:58  Extractor  
  18  0:59  Hatchery  
  18  1:01  Drone  
  17  1:17  Spawning Pool  
  16  1:23  Drone x2  
  18  1:28  Drone  
  19  1:39  Drone  
  20  2:03  Metabolic Boost  
  20  2:05  Queen  
  22  2:11  Drone, Queen  
  22  2:15  Drone  
  26  2:20  Overlord  
  26  2:23  Drone  
  27  2:32  Drone  
  28  2:39  Drone  
  28  2:42  Lair  
  29  2:51  Drone  
  30  2:53  Drone x3  
  30  2:55  Extractor  
  30  2:56  Drone  
  33  3:04  Drone  
  34  3:06  Overlord  
  34  3:21  Drone x2  
  34  3:23  Overlord  
  34  3:24  Zergling x2  
  34  3:25  Zergling x2  
  38  3:28  Drone, Extractor  
  38  3:29  Drone  
  39  3:36  Drone  
  39  3:38  Zergling x4  
  42  3:42  Spire  
  42  3:47  Drone  
  42  3:53  Drone x4  
  46  3:57  Extractor  
  45  4:14  Overlord  
  45  4:15  Overlord  
  45  4:17  Drone x3  
  44  4:36  Zergling x14  
  51  4:58  Zerg Flyer Weapons Level 1, Mutalisk x3  
  51  4:59  Mutalisk x3  
  63  5:08  Queen  
  63  5:09  Overlord  
  63  5:13  Hatchery  
  60  5:52  Overlord  
  60  6:09  Queen  
  60  6:14  Drone x16  
  76  6:27  Drone x3  
  76  6:32  Overlord  
  79  6:35  Extractor  
  79  6:39  Extractor  
  77  6:52  Zerg Flyer Armor Level 1  
  77  6:55  Mutalisk x2  
  77  6:56  Mutalisk x6  
  77  6:57  Overlord  
  93  7:15  Mutalisk x6  
  97  7:22  Evolution Chamber  
  104  7:24  Overlord x3  
  104  7:35  Overlord  
  104  7:44  Infestation Pit  
  103  7:48  Zerg Melee Weapons Level 1  
  69  8:46  Zergling x12  
  69  8:47  Zergling x20  
  85  8:51  Hive  
  85  8:58  Evolution Chamber  
  84  9:22  Zergling x2  
  84  9:23  Zergling x20  
  95  9:25  Zerg Ground Armor Level 1  
  95  9:38  Zergling x2  
  96  9:39  Zergling x6  
  96  9:45  Zerg Melee Weapons Level 2  
  99  9:59  Zergling x2  
  98  10:00  Zergling x14  
  105  10:15  Pneumatized Carapace  
  105  10:16  Zergling x2  
  105  10:17  Zergling x22  
  117  10:31  Overlord x4  
  117  10:39  Ultralisk Cavern  
  116  10:56  Adrenal Glands  
  113  11:06  Hatchery  
  111  11:21  Zerg Ground Armor Level 2  
  111  11:24  Overlord x3  
  111  11:25  Overlord x6  
  110  11:29  Spore Crawler  
  110  11:31  Spore Crawler  
  108  11:40  Overlord x6  
  108  11:41  Overlord x2  
  108  11:46  Chitinous Plating  
  106  11:48  Ultralisk  
  106  11:49  Ultralisk x6  
  101  12:09  Ultralisk  
  101  12:10  Ultralisk x2  
  118  12:19  Drone  
  118  12:20  Drone x5  
  124  12:24  Spore Crawler  
  124  12:26  Spore Crawler  
  124  12:28  Spore Crawler  
  121  12:49  Zerg Melee Weapons Level 3  
  121  13:05  Anabolic Synthesis, Ultralisk  
  127  13:06  Ultralisk x2  
  135  13:35  Ultralisk  
  135  13:36  Ultralisk x3  
  135  15:03  Ultralisk x5  
  135  15:04  Ultralisk x4  
  189  15:43  Extractor  
  189  15:44  Hatchery  
Show
View Real Time Build Order
Export as new Build Order

Nyck Terran - Winner!

Build Orders:  

Get SALT Encoding   

  12  0:00  SCV  
  13  0:12  SCV  
  14  0:17  Supply Depot  
  14  0:25  SCV  
  15  0:38  SCV  
  15  0:40  Barracks  
  16  0:50  SCV  
  16  0:55  Barracks  
  17  1:02  SCV  
  18  1:05  Refinery  
  18  1:15  SCV  
  19  1:21  Barracks  
  19  1:27  SCV  
  20  1:32  Supply Depot  
  20  1:41  Orbital Command  
  20  1:50  Barracks Tech Lab  
  20  1:58  Refinery  
  20  1:59  Barracks Reactor  
  20  2:06  SCV  
  21  2:17  Barracks Reactor  
  21  2:19  Marine  
  21  2:22  SCV  
  23  2:35  SCV  
  23  2:37  Marine x3  
  24  2:40  Combat Shield  
  27  2:46  Supply Depot  
  27  2:48  SCV  
  28  2:53  Marine  
  28  2:54  Marine  
  30  2:58  Marine  
  31  3:07  Marine x2  
  31  3:09  Supply Depot  
  33  3:17  Command Center  
  33  3:21  Marine  
  33  3:24  Marine  
  33  3:26  Marine  
  36  3:30  Marine  
  36  3:33  Marine  
  38  3:42  Engineering Bay  
  38  3:45  SCV  
  39  3:59  Stimpack  
  39  4:05  Factory  
  39  4:11  SCV  
  40  4:23  SCV  
  31  5:04  Marine x3  
  31  5:05  Marine x2  
  32  5:07  Starport  
  32  5:08  Factory Reactor  
  32  5:11  Terran Infantry Weapons Level 1  
  32  5:15  Engineering Bay  
  32  5:28  Missile Turret  
  32  5:29  Orbital Command  
  32  5:32  SCV  
  33  5:41  Marine x3  
  33  5:42  Marine x2  
  38  5:45  SCV  
  38  5:47  Terran Infantry Armor Level 1  
  38  5:48  Missile Turret, Armory  
  40  5:57  SCV  
  40  6:08  SCV  
  40  6:09  Marine x5  
  46  6:13  SCV  
  46  6:17  Missile Turret  
  47  6:20  SCV  
  48  6:25  SCV  
  48  6:26  Marine  
  48  6:30  Starport  
  48  6:31  Marine x3  
  48  6:32  Marine, Factory Reactor  
  54  6:33  SCV  
  54  6:37  SCV  
  54  6:39  Viking x2  
  60  6:44  Refinery  
  60  6:45  SCV  
  60  6:46  Refinery  
  61  6:50  SCV  
  62  6:55  Terran Ship Weapons Level 1  
  62  7:16  Command Center  
  62  7:45  Terran Infantry Armor Level 2, Terran Infantry Weapons Level 2  
  62  7:51  SCV x2, Marine x2, Viking x2  
  62  7:53  Supply Depot  
  70  8:14  SCV x2, Marine x2, Viking x2  
  70  8:16  Supply Depot  
  78  8:22  Sensor Tower  
  78  8:27  Factory Reactor  
  78  8:28  SCV x2, Marine, Viking x2  
  78  8:33  Starport  
  85  8:35  Supply Depot  
  85  8:42  Missile Turret  
  85  8:51  Marine x4  
  85  8:52  Marine  
  85  8:53  Viking x2  
  85  8:55  SCV x2  
  96  8:57  Supply Depot  
  96  9:00  Orbital Command  
  96  9:12  Terran Ship Weapons Level 2  
  96  9:16  Supply Depot  
  96  9:18  SCV x2  
  98  9:43  Orbital Command  
  98  9:49  Viking x3  
  98  9:50  Viking  
  106  9:54  Command Center  
  106  9:59  Missile Turret  
  106  10:07  Refinery  
  106  10:09  Refinery  
  107  10:14  SCV x3  
  107  10:19  Missile Turret  
  107  10:20  Viking  
  111  10:22  Viking  
  113  10:36  Viking x2  
  113  10:37  Viking x2  
  121  10:44  Armory  
  121  10:46  Supply Depot  
  121  10:53  Viking x2  
  125  11:01  SCV x3  
  128  11:07  Orbital Command  
  128  11:08  Supply Depot  
  128  11:13  SCV x3  
  128  11:15  Viking x4  
  135  11:40  Viking  
  135  11:41  Viking  
  135  11:45  Terran Ship Weapons Level 3  
  139  11:47  Terran Vehicle And Ship Armor Level 1  
  139  11:51  Viking x4  
  139  11:52  SCV  
  139  11:53  SCV x3  
  151  11:55  Marine  
  151  11:56  Marine x4  
  156  12:02  Supply Depot  
  156  12:04  SCV  
  156  12:05  SCV x2  
  159  12:13  Marine x3  
  162  12:21  SCV x2  
  164  12:24  SCV x2  
  164  12:25  Supply Depot  
  166  12:30  Terran Infantry Armor Level 3, Terran Infantry Weapons Level 3  
  166  12:32  Viking x3  
  172  12:46  Viking x3  
  172  12:48  Supply Depot  
  178  13:00  SCV x2  
  180  13:10  SCV x2  
  180  13:11  Supply Depot  
  182  13:21  Viking x3  
  188  13:29  Viking  
  188  13:30  Viking  
  188  13:32  Viking  
  164  13:51  Viking  
  156  13:57  Viking x2  
  156  13:59  Viking  
  158  14:03  Viking x2  
  158  14:04  Marine  
  158  14:05  Marine x4  
  165  14:19  Supply Depot  
  165  14:22  Marine  
  165  14:23  Marine x4  
  170  14:40  Command Center  
  170  14:55  Viking x3  
  170  14:56  Viking x3  
  170  14:57  Marine  
  170  14:58  Marine x4  
  178  15:15  Marine x2  
  178  15:16  Marine x3  
  183  15:25  Viking  
  183  15:26  Viking x3  
  183  15:27  Viking x2  
  195  15:33  Marine x4  
Tags
 
Add a new tag
Caveats
  • Supply blocks, unpowered buildings, or Contaminate may cause inaccurate times.
  • Supply counts are checked every 10 seconds.